 Dungeon Crawl Stone Soup version 0.29-a0-344-ge2f44be95a (webtiles) character file.

Game seed: 5808882918527884017

346 zishaf the Gusty (level 6, -1/37 HPs)
             Began as a Tengu Air Elementalist on Apr 21, 2022.
             Succumbed to a hornet's poison
             ... while paralysed by a hornet
             ... on level 4 of the Dungeon.
             The game lasted 00:06:15 (2828 turns).

zishaf the Gusty (Tengu Air Elementalist)           Turns: 2828, Time: 00:06:16

Health: -1/37      AC:  4    Str:  8    XL:     6   Next: 59%
Magic:  7/10       EV:  2    Int: 18    God:
Gold:   102        SH:  0    Dex: 14    Spells: 3/9 levels left

rFire   . . .      SeeInvis .   n - +2 dagger (speed)
rCold   + . .      Faith    .   u - +0 buckler
rNeg    . . .      Spirit   .   v - +2 robe of Awe {rC+ Stlth+}
rPois   .          Reflect  .   (helmet restricted)
rElec   .          Harm     .   (no cloak)
rCorr   .          Rampage  .   (no gloves)
Will    .....                   (boots unavailable)
Stlth   +++.......              q - amulet of magic regeneration
HPRegen 0.12/turn               (no ring)
MPRegen 0.52/turn               (no ring)

@: paralysed, lethally poisoned (-1 -> -8), flying quickly and evasively, quick
A: beak, talons 3, nimble flight
a: no special abilities


You were on level 4 of the Dungeon.
You visited 1 branch of the dungeon, and saw 4 of its levels.

You collected 102 gold pieces.

Inventory:

Hand Weapons
 f - a +0 short sword of speed
 n - a +2 dagger of speed (weapon)
Missiles
 d - 4 curare-tipped darts
Armour
 a - a +0 robe
 u - a +0 buckler (worn)
 v - the +2 robe of Awe (worn) {rC+ Stlth+}
   (You found it on level 2 of the Dungeon)

   rC:        It protects you from cold.
   Stlth:     It makes you more stealthy.
Jewellery
 l - an amulet of faith
 q - an amulet of magic regeneration (around neck)
Scrolls
 h - 4 scrolls of teleportation
 k - a scroll of magic mapping
Potions
 b - 2 potions of magic
 e - a potion of invisibility
 g - 2 potions of berserk rage
 j - 2 potions of heal wounds {unknown}
 m - 3 potions of haste {unknown}
 o - 3 potions of curing {unknown}
 p - a potion of flight {unknown}
 r - a potion of brilliance {unknown}


   Skills:
 + Level 3.0 Fighting
 - Level 2.1 Dodging
 - Level 2.0 Stealth
 + Level 2.4 Shields
 - Level 2.0 Spellcasting
 - Level 1.3 Conjurations
 * Level 7.5 Air Magic


You had 3 spell levels left.
You knew the following spells:

 Your Spells              Type           Power      Damage    Failure   Level
a - Shock                 Conj/Air       68%        1d7       3%          1
b - Static Discharge      Conj/Air       17%        N/A       6%          2
c - Swiftness             Air            29%        N/A       3%          3

Your spell library contained the following spells:

 Spells                   Type           Power      Damage    Failure   Level
 Corpse Rot               Necr/Air       30%        N/A       8%          2
 Poisonous Vapours        Pois/Air       30%        N/A       8%          2
 Airstrike                Air            14%        N/A       11%         4


Dungeon Overview and Level Annotations

Branches:
Dungeon (4/15)
 Temple: D:4-7

Altars:

Annotations:
D:4 Sigmund


Innate Abilities, Weirdness & Mutations

You have a beak for a mouth.
You have claws for feet.
Your magical nature lets you fly swiftly and evasively.


Message History

Press: ? - help, Shift-Dir - straight line, f - hornet, p - hound
Aim: a hornet (57% to hit)
The zap hits the hornet.
The hornet is lightly wounded.
Casting: Shock (safe; 3% risk of failure)
Confirm with . or Enter, or press ? or * to list all spells.
Aiming: Shock (safe; 3% risk of failure)
Press: ? - help, Shift-Dir - straight line, p - hornet The zap misses the hound.
The zap misses the hornet.
The zap hits the hornet.
The hornet is lightly wounded.
The hound misses you. The hound bites you but does no damage.
Casting: Shock (safe; 3% risk of failure)
Confirm with . or Enter, or press ? or * to list all spells.
Aiming: Shock (safe; 3% risk of failure)
Press: ? - help, Shift-Dir - straight line The zap hits the hound.
The hound is almost dead.
The zap hits the hornet.
The hornet is moderately wounded.
The hound completely misses you.
A kobold comes into view. It is wielding a +0 dagger.
Casting: Shock (safe; 3% risk of failure)
Confirm with . or Enter, or press ? or * to list all spells.
The hornet is struck by an arc of lightning.
The hornet is heavily wounded.
You are struck by an arc of lightning.
The lightning grounds out.
The kobold shouts!
The hornet stings you!
You are poisoned.
You suddenly lose the ability to move!
The hound bites you. The hornet stings you!
* * * LOW HITPOINT WARNING * * *
You shrug off the repeated paralysis!
The hound bites you.
* * * LOW HITPOINT WARNING * * *
An endoplasm comes into view.
* * * LOW HITPOINT WARNING * * *
You feel sick.
The hornet stings you but does no damage.
The hound bites you but does no damage.
You die...

..#* #..........#.>..#......#
*..##*
#.........##.####......#
**...###.<......###.#
#......#
,###...#........#...#
########
##.....#..........###
#......#...>....###
................#
............#..#####
................@..######****
.......##......yh........,,,*
...................######****
..#####.#..........#**** .#*
*,......####.....,,* .*
*,*#..###**###K###,**** ,*
**,*##.,,,,,,,,..,,,,,,* ,*
*,,*
*********,J..,,,,,*******
,***,**
**********#...,,,,,,,,,,*


You could see a hornet, a hound, an endoplasm (wandering) and a kobold.

Vanquished Creatures
  Grinder (D:3)
  Natasha (D:4)
  3 gnolls (D:2)
  4 adders
  An ufetubus (D:4)
  A worm (D:2)
  4 dart slugs
  An orc (D:4)
  7 ball pythons
  6 endoplasms
  A giant cockroach (D:3)
  2 goblins
  5 hobgoblins
  6 kobolds
  2 quokkas (D:3)
  5 bats
  4 frilled lizards
  3 rats
57 creatures vanquished.

Notes
Turn   | Place    | Note
-------+----------+-------------------------------------------
     0 | D:1      | zishaf the Tengu Air Elementalist began the quest for the
                  | Orb.
     0 | D:1      | Reached XP level 1. HP: 10/10 MP: 4/4
   228 | D:1      | Reached XP level 2. HP: 11/16 MP: 4/6
   329 | D:1      | Learned a level 2 spell: Static Discharge
   455 | D:1      | Reached skill level 1 in Fighting
   887 | D:2      | Reached skill level 5 in Air Magic
   887 | D:2      | Reached XP level 3. HP: 20/20 MP: 1/7
   895 | D:2      | Learned a level 3 spell: Swiftness
  1281 | D:2      | Identified the +2 robe of Awe {rC+ Stlth+}
  1439 | D:2      | Found a faded altar of an unknown god.
  1573 | D:2      | Reached XP level 4. HP: 26/26 MP: 5/8
  1652 | D:2      | Reached skill level 1 in Shields
  1652 | D:2      | Reached skill level 6 in Air Magic
  1986 | D:3      | Gained mutation: Your magical nature lets you fly swiftly
                  | and evasively. [Tengu growth]
  1986 | D:3      | Reached XP level 5. HP: 30/30 MP: 6/9
  2522 | D:4      | Noticed Sigmund
  2544 | D:4      | Noticed a hornet
  2583 | D:4      | Noticed Natasha
  2583 | D:4      | Noticed Grinder
  2608 | D:3      | Paralysed by Grinder for 3 turns
  2615 | D:3      | Killed Grinder
  2616 | D:3      | Reached skill level 7 in Air Magic
  2616 | D:3      | Reached XP level 6. HP: 27/37 MP: 2/10
  2702 | D:4      | Killed Natasha
  2826 | D:4      | Paralysed by a hornet for 3 turns
  2827 | D:4      | HP: 1/37 [poisoned by a hornet]
  2828 | D:4      | Succumbed to a hornet's poison

Illustrated notes

Levels and vault maps discovered:
D:1:      minmay_arrival_hallway, layout_loops_ring, st_stairs_7
D:2:      layout_basic, shapermc_ecumenical_altar_hornbeckon
D:3:      layout_loops_ring
D:4:      layout_rooms, tso_metal_star, uniq_natasha, uniq_grinder,
          uniq_sigmund, uniq_edmund

Skill      XL: |  1  2  3  4  5 |
---------------+----------------+-----
Fighting       | 1 2 3 |  3.0
Air Magic      | 5 6 7 |  7.5
Shields        | 1 2 |  2.4
Dodging        | |  2.1
Stealth        | |  2.0
Spellcasting   | |  2.0
Conjurations   | |  1.3

Action                   |  1- 3 |  4- 6 || total
-------------------------+-------+-------++-------
Melee: Short sword       |     4 |       ||     4
       Kick              |     1 |     1 ||     2
       Peck              |     1 |     1 ||     2
       Dagger            |       |     1 ||     1
 Cast: Shock             |    49 |    75 ||   124
       Swiftness         |       |     1 ||     1
       Static Discharge  |       |     1 ||     1
  Use: Scroll            |       |     8 ||     8
Armor: Robe              |     1 |    11 ||    12
Dodge: Dodged            |     7 |    17 ||    24
Block: Buckler           |       |     6 ||     6

Table legend: (Time is in decaauts)
 A = Elapsed time spent in this place.
 B = Non-inter-level travel time spent in this place.
 C = Inter-level travel time spent in this place.
 D = Time resting spent in this place.
 E = Time spent auto-exploring this place.
 F = Levels seen in this place.
 G = Mean time per level.
                   A        B        C        D        E       F      G
               +--------+--------+--------+--------+--------+-----+--------+
         Total |   2790 |   2649 |    141 |    302 |   1911 |   4 |  697.5 |
       Dungeon |   2790 |   2649 |    141 |    302 |   1911 |   4 |  697.5 |
               +--------+--------+--------+--------+--------+-----+--------+

Top non-repeatable levels by time:
     D:2: 892 daAuts
     D:3: 882 daAuts
     D:1: 865 daAuts
     D:4: 148 daAuts
